 Dungeon Crawl Stone Soup version 0.32-a0-42-ga30500b4d3 (webtiles) character file.

Game seed: 17883514717461754700

648 gruber the Destroyer (level 7, -2/36 HPs)
             Began as a Deep Elf Conjurer on Feb 1, 2024.
             Was an Initiate of Vehumet.
             Slain by a gnoll sergeant
             ... wielding a +2 spear of distortion
              (5 damage)
             ... on level 5 of the Dungeon.
             The game lasted 00:03:13 (3762 turns).

gruber the Destroyer (Deep Elf Conjurer)            Turns: 3762, Time: 00:03:13

Health: -2/36      AC:  2    Str:  4    XL:     7   Next: 27%
Magic:  11/19      EV: 12    Int: 25    God:    Vehumet [......]
Gold:   138        SH:  0    Dex: 13    Spells: 13/20 levels left

rFire   . . .        h - +3 spear
rCold   . . .        (no shield)
rNeg    . . .        a - +0 robe
rPois   .            (no helmet)
rElec   .            (no cloak)
rCorr   .            (no gloves)
SInv    .            (no boots)
Will    +....        (no amulet)
Stlth   ++           t - ring of willpower
HPRegen 0.26/turn    (no ring)
MPRegen 0.16/turn

%: no passive effects
@: no status effects
A: no striking features
a: Renounce Religion


You were on level 5 of the Dungeon.
You worshipped Vehumet.
Vehumet was noncommittal.
You visited 1 branch of the dungeon, and saw 5 of its levels.

You collected 138 gold pieces.

Inventory:

Hand Weapons
 h - a +3 spear (weapon)
Armour
 a - a +0 robe (worn)
Jewellery
 t - a ring of willpower (left hand)
Wands
 m - a wand of acid (10)
 p - a wand of polymorph (12)
Scrolls
 d - 6 scrolls of identify {unknown}
 e - a scroll of immolation {unknown}
 j - 4 scrolls of vulnerability {unknown}
 k - a scroll of torment {unknown}
 l - a scroll of poison {unknown}
 o - a scroll of summoning {unknown}
 q - 2 scrolls of enchant armour {unknown}
 s - a scroll of fog {unknown}
Potions
 b - 2 potions of magic
 c - 3 potions of enlightenment {unknown}
 f - 2 potions of brilliance {unknown}
 g - 4 potions of curing {unknown}
 i - a potion of haste {unknown}
 n - a potion of heal wounds {unknown}
 r - 2 potions of lignification {unknown}
 u - a potion of attraction {unknown}


   Skills:
 - Level 2.4 Dodging
 - Level 2.4 Stealth
 + Level 7.0 Spellcasting
 + Level 8.2 Conjurations


You had 13 spell levels left.
You knew the following spells:

 Your Spells              Type           Power      Damage    Failure   Level
a - Magic Dart            Conj           100%       1d8       1%          1
b - Searing Ray           Conj           100%       2d8       1%          2
c - Iskenderun's Mystic   Conj/Tloc      29%        2d7       12%         4

Your spell library contained the following spells:

 Spells                   Type           Power      Damage    Failure   Level
 Sting                    Conj/Alch      100%       1d9       1%          1
 Fulminant Prism          Conj/Alch      14%        3d8       12%         4


Dungeon Overview and Level Annotations

Branches:
Dungeon (5/15)
 Temple: D:4-7

Altars:
Vehumet

Shops:
D:2 [

Annotations:
D:5 2 transporters, Lurud's ghost, amateur DsWn


Message History

Aim: a gnoll, wielding a +0 spear (85% to hit)
The searing ray hits the gnoll!
The gnoll is severely wounded. (Press . to maintain the ray.) Unknown command.
The searing ray hits the gnoll!
You kill the gnoll!
Vehumet accepts your kill.
Your Spellcasting skill increases to level 7!
The searing ray hits the gnoll sergeant.
The gnoll sergeant is moderately wounded.
You finish channelling your searing ray.
A gnoll comes into view. It is wielding a +0 club.
Casting: Searing Ray (safe; 1% risk of failure)
Confirm with . or Enter, or press ? or * to list all spells.
Aiming: Searing Ray (safe; 1% risk of failure)
Press: ? - help, Shift-Dir - straight line, f - gnoll sergeant
Aim: a gnoll sergeant, wielding a +2 spear of distortion, wearing a +0 ring mail and wearing a +1 kite shield of positive energy (moderately wounded, 90% to hit)
The searing ray hits the gnoll sergeant!
The gnoll sergeant is heavily wounded. (Press . to maintain the ray.)
The gnoll sergeant hits you from afar with a +2 spear of distortion!
The searing ray hits the gnoll sergeant.
The gnoll sergeant is severely wounded.
The searing ray hits the gnoll.
The gnoll is heavily wounded.
The gnoll sergeant hits you from afar with a +2 spear of distortion!
Space warps around you.
A gnoll comes into view. It is wielding a +0 spear.
Unknown command.
The searing ray hits the gnoll sergeant but does no damage.
The gnoll sergeant is severely wounded.
The searing ray hits the gnoll!
You kill the gnoll!
Vehumet accepts your kill.
The gnoll shouts!
The gnoll sergeant hits you from afar with a +2 spear of distortion!
* * * LOW HITPOINT WARNING * * *
Space warps horribly around you.
You die...

#.#....# #. #.#....# # #g
#.#....# #. #. #.#....#
#<.#+#. #.#....# #.....g
#.##.#.# .......
####.##.#.#
.......##.........#
.......gg.@.>.....#
.......##.........########
##....#.........#.........
......+......^..##########
##... #.........#
#....#.........#
##............##
#.....)......#
...)........#


You could see a gnoll sergeant and a gnoll.

Vanquished Creatures
  A black bear (D:5)
  2 ogres
  A jelly (D:5)
  An iguana (D:4)
  Natasha (thrice) (D:3)
  A statue (D:3)
  10 gnolls
  7 adders
  A shadow imp (D:5)
  2 dart slugs
  4 orcs
  4 ball pythons
  7 bats
  2 endoplasms
  3 giant cockroaches
  5 goblins
  4 hobgoblins
  2 kobolds (D:1)
  5 quokkas
  6 frilled lizards
  4 rats
75 creatures vanquished.

Notes
Turn   | Place    | Note
-------+----------+-------------------------------------------
     0 | D:1      | gruber the Deep Elf Conjurer began the quest for the Orb.
     0 | D:1      | Reached XP level 1. HP: 10/10 MP: 6/6
   361 | D:1      | Reached XP level 2. HP: 15/15 MP: 5/8
   519 | D:1      | Reached skill level 5 in Conjurations
  1010 | D:2      | Learned a level 2 spell: Searing Ray
  1019 | D:2      | Reached XP level 3. HP: 19/19 MP: 1/9
  1228 | D:2      | Reached XP level 4. HP: 24/24 MP: 7/11
  1347 | D:2      | Reached skill level 6 in Conjurations
  1643 | D:2      | Reached XP level 5. HP: 28/28 MP: 8/13
  1760 | D:2      | Found Mel Hegoo's Armour Boutique.
  2227 | D:3      | Found a faded altar of an unknown god.
  2230 | D:3      | Got Plato's Treatise on Force
  2290 | D:3      | Learned a level 4 spell: Iskenderun's Mystic Blast
  2293 | D:3      | Found a radiant altar of Vehumet.
  2293 | D:3      | Noticed a frost-covered statue
  2301 | D:3      | Killed a frost-covered statue
  2378 | D:3      | Became a worshipper of Vehumet
  2491 | D:3      | Noticed Natasha
  2495 | D:3      | Killed Natasha
  2527 | D:3      | Noticed Natasha
  2534 | D:3      | Killed Natasha
  2535 | D:3      | Reached skill level 5 in Spellcasting
  2535 | D:3      | Reached skill level 7 in Conjurations
  2941 | D:3      | Noticed Natasha
  2951 | D:3      | Killed Natasha
  3006 | D:4      | Noticed an ogre
  3043 | D:4      | Killed an ogre
  3044 | D:4      | Reached XP level 6. HP: 32/32 MP: 7/16
  3299 | D:5      | Entered Level 5 of the Dungeon
  3299 | D:5      | Found a transporter.
  3395 | D:5      | Found a transporter.
  3395 | D:5      | Noticed Lurud's ghost (amateur DsWn)
  3457 | D:5      | Reached skill level 8 in Conjurations
  3457 | D:5      | Reached XP level 7. HP: 33/36 MP: 8/19
  3762 | D:5      | Slain by a gnoll sergeant

Illustrated notes

Levels and vault maps discovered:
D:1:      minmay_arrival_plants_in_alcoves, layout_loops_cross,
          hangedman_decor_growths
D:2:      layout_basic, serial_shops, nicolae_shop_tiny_real_fake_doors,
          item_on_display_a
D:3:      layout_loops_ring, vehumet_statue,
          shapermc_ecumenical_altar_rom_forum, uniq_natasha
D:4:      layout_rooms, minmay_temple_entry_antechambers
D:5:      gammafunk_cloud_chamber, layout_basic, gammafunk_ghost_arena

Skill      XL: |  1  2  3  4  5  6  7 |
---------------+----------------------+-----
Conjurations   | 5 6 7 8 |  8.2
Spellcasting   | 4 5 6 7 |  7.0
Dodging        | |  2.4
Stealth        | |  2.4

Action                     |  1- 3 |  4- 6 |  7- 9 || total
---------------------------+-------+-------+-------++-------
   Cast: Magic Dart        |    49 |    62 |       ||   111
         Searing Ray       |     2 |    14 |     5 ||    21
         Iskenderun's Myst |       |     2 |       ||     2
 Armour: Robe              |     3 |    16 |     3 ||    22
  Dodge: Dodged            |     5 |    10 |       ||    15

Table legend: (Time is in decaauts)
 A = Elapsed time spent in this place.
 B = Non-inter-level travel time spent in this place.
 C = Inter-level travel time spent in this place.
 D = Time resting spent in this place.
 E = Time spent auto-exploring this place.
 F = Levels seen in this place.
 G = Mean time per level.
                   A        B        C        D        E       F      G
               +--------+--------+--------+--------+--------+-----+--------+
         Total |   3761 |   3614 |    147 |    154 |   3098 |   5 |  752.2 |
       Dungeon |   3761 |   3614 |    147 |    154 |   3098 |   5 |  752.2 |
               +--------+--------+--------+--------+--------+-----+--------+

Top non-repeatable levels by time:
     D:1: 1079 daAuts
     D:2: 998 daAuts
     D:3: 936 daAuts
     D:5: 462 daAuts
     D:4: 284 daAuts
